 Dungeon Crawl Stone Soup version 0.26.1-11-gd32895ea62 (webtiles) character file.

Game seed: 17585041155684035304

714 guyinwi the Cutter (level 8, -8/48 HPs)
             Began as a Kobold Berserker on Aug 16, 2021.
             Was a Priest of Trog.
             Killed by divine providence
             ... invoked by an orc priest
              (13 damage)
             ... on level 5 of the Dungeon.
             The game lasted 01:03:46 (5718 turns).

guyinwi the Cutter (Kobold Berserker)               Turns: 5718, Time: 01:03:46

Health: -8/48      AC: 12    Str: 14 (16) XL:     8   Next: 1%
Magic:  7/7        EV:  7    Int:  6 (8)  God:    Trog [***...]
Gold:   110        SH:  9    Dex: 13 (15) Spells: 7/7 levels left

rFire    . . .     SeeInvis .   u - +0 falchion
rCold    . . .     Faith    .   e - +1 kite shield
rNeg     . . .     Spirit   .   q - +1 chain mail
rPois    .         Reflect  .   j - +1 helmet
rElec    .         Harm     .   (no cloak)
rCorr    .         Rampage  .   (no gloves)
Will     .....                  (no boots)
Stlth    ..........             (no amulet)
HPRegen  0.16/turn              (no ring)
MPRegen  0.10/turn              (no ring)

@: about to teleport
A: small, hooves 1, low mp 1, nightstalker 3, sense surroundings 1, wild magic 1
a: Renounce Religion, Berserk, Trog's Hand


You were on level 5 of the Dungeon.
You worshipped Trog.
Trog was most pleased with you.
You visited 1 branch of the dungeon, and saw 5 of its levels.

You collected 245 gold pieces.
You spent 135 gold pieces at shops.

Inventory:

Hand Weapons
 a - a +0 short sword
 o - a +0 hunting sling
 u - a +0 falchion (weapon)
 y - a +0 shortbow
Missiles
 d - 145 stones
 i - 59 bolts
 z - 14 arrows
Armour
 b - a +0 animal skin
 e - a +1 kite shield (worn)
 f - a +0 scale mail
 j - a +1 helmet (worn)
 q - a +1 chain mail (worn)
Jewellery
 s - a +6 ring of dexterity {unknown}
Wands
 k - a wand of iceblast (9) (quivered)
 w - a wand of digging (8)
Scrolls
 c - a scroll of magic mapping
 g - 3 scrolls of immolation
 l - 2 scrolls of remove curse
 n - a scroll of enchant weapon {unknown}
 p - a scroll of teleportation
 x - a scroll of fog {unknown}
Potions
 h - 2 potions of degeneration
 m - 4 potions of brilliance
 r - a potion of haste
 t - a potion of resistance {unknown}
 v - a potion of lignification {unknown}


   Skills:
 + Level 4.6 Fighting
 + Level 5.7(6.7) Short Blades
 + Level 3.2(4.0) Long Blades
 + Level 3.2 Armour
 + Level 3.2 Dodging
 + Level 2.2 Stealth
 + Level 2.5 Shields
 + Level 0.1 Evocations


You had 7 spell levels left.
You didn't know any spells.
Your spell library contained the following spells:

 Spells                   Type           Power        Failure   Level
 Beastly Appendage        Tmut           0%           100%        1
 Wereblood                Tmut           0%           100%        2
 Spider Form              Tmut/Pois      0%           100%        3
 Ice Form                 Ice/Tmut       0%           100%        4
 Blade Hands              Tmut           0%           100%        5


Dungeon Overview and Level Annotations

Branches:
Dungeon (5/15)
 Temple: D:4-7

Altars:

Shops:
D:4 ?


Innate Abilities, Weirdness & Mutations

You are small and have problems with some larger weapons.
You are completely attuned to the shadows.
You have large cloven feet.
Your magical capacity is low. (-10% MP)
You passively map a small area around you.
Your spells are a little harder to cast, but a little more powerful.


Message History

The orc wizard is moderately wounded.
An orc comes into view.
The orc wizard hits you but does no damage.
Aiming: Iceblast
Press: ? - help, Q - select action, (/) - cycle Shift-Dir - straight line, f - orc
Aim: an orc That beam is likely to hit you.
Continue anyway?
Okay, then.
Really read the scroll of immolation?
Okay, then.
You miss the orc wizard.
The orc wizard is moderately wounded.
You block the orc wizard's attack.
The orc priest calls upon Beogh to heal the orc wizard.
The orc wizard's wounds heal themselves!
As you read the scroll of teleportation, it crumbles to dust.
You feel strangely unstable. The orc wizard barely misses you.
The orc priest mumbles some strange prayers to Beogh against you.
Beogh smites you!
You die...

* , *
##.....#. *
*, #........
* ##.......,
, , #........
* #†# , * *
** * #.# , ,
..#@# * , *
#.#o# *,
#.#.# *
#.#o###.
#..oo... , *
* , *
####.###.* ,,
, * * #....##
, ,...>..#* ,
, *
#.###.######.
*** *


You could see an orc priest, an orc wizard and 2 orcs.

Vanquished Creatures
  A phantom (D:4)
  An ogre (D:5)
  A centaur (D:5)
  A bullfrog skeleton (D:4)
  2 orc priests (D:4)
  6 orc wizards
  2 iguanas (D:4)
  A worker ant (D:5)
  An adder (D:4)
  A white imp (D:5)
  An ooze (D:2)
  An adder skeleton (D:4)
  A worm (D:2)
  5 dart slugs
  12 orcs
  9 bats
  5 giant cockroaches
  5 goblins
  8 hobgoblins
  6 jackals
  10 kobolds
  4 quokkas
  3 ball pythons
  4 frilled lizards
  A quokka skeleton (D:4)
  11 rats
103 creatures vanquished.

Notes
Turn   | Place    | Note
-------+----------+-------------------------------------------
     0 | D:1      | guyinwi the Kobold Berserker began the quest for the Orb.
     0 | D:1      | Reached XP level 1. HP: 14/14 MP: 1/1
   439 | D:1      | Reached XP level 2. HP: 8/19 MP: 2/2
   783 | D:1      | Gained mutation: Your magical capacity is low. (-10% MP)
                  | [potion of mutation]
   783 | D:1      | Gained mutation: You passively map a small area around you.
                  | [potion of mutation]
   783 | D:1      | Gained mutation: Your spells are a little harder to cast,
                  | but a little more powerful. [potion of mutation]
   783 | D:1      | Gained mutation: You have large cloven feet. [potion of
                  | mutation]
  1080 | D:1      | Reached XP level 3. HP: 23/24 MP: 2/2
  1506 | D:2      | Reached skill level 5 in Short Blades
  1557 | D:2      | Reached ** piety under Trog
  1732 | D:2      | Reached XP level 4. HP: 29/29 MP: 3/3
  2793 | D:3      | Reached skill level 1 in Stealth
  3218 | D:3      | Reached *** piety under Trog
  3545 | D:3      | Reached XP level 5. HP: 16/33 MP: 4/4
  3953 | D:4      | Noticed a phantom
  3976 | D:4      | Killed a phantom
  3977 | D:4      | Reached skill level 1 in Long Blades
  3977 | D:4      | Reached skill level 1 in Shields
  3977 | D:4      | Reached XP level 6. HP: 33/39 MP: 5/5
  4169 | D:4      | Reached XP level 7. HP: 32/44 MP: 6/6
  4567 | D:4      | HP: 3/66 [iguana (5)]
  5405 | D:4      | Found Pyofif's Magic Scroll Shoppe.
  5437 | D:4      | Bought a scroll of identify for 20 gold pieces
  5437 | D:4      | Bought a scroll of identify for 20 gold pieces
  5437 | D:4      | Bought a scroll of identify for 20 gold pieces
  5437 | D:4      | Bought a scroll of enchant armour for 75 gold pieces
  5466 | D:5      | Entered Level 5 of the Dungeon
  5581 | D:5      | Reached XP level 8. HP: 17/48 MP: 7/7
  5718 | D:5      | Killed from afar by an orc priest

Illustrated notes

Levels and vault maps discovered:
D:1:      amcnicky_arrival_choice, layout_rooms, due_unseen_surprise
D:2:      layout_basic, fountainhead
D:3:      layout_basic
D:4:      layout_cave_pools, serial_shops, nicolae_shop_trees
D:5:      layout_loops_ring, nzn_hepliaklqana_mist_gate, lemuel_crystal_altar

Skill      XL: |  1  2  3  4  5  6  7 |
---------------+----------------------+-----
Short Blades   | 5 |  5.7
Fighting       | 4 |  4.6
Stealth        | 1 2 |  2.2
Dodging        | 3 |  3.2
Long Blades    | 1 2 3 |  3.2
Armour         | 2 3 |  3.2
Shields        | 1 2 |  2.5
Evocations     | |  0.1

Action                   |  1- 3 |  4- 6 |  7- 9 || total
-------------------------+-------+-------+-------++-------
Melee: Short sword       |   121 |    50 |       ||   171
       Kick              |    23 |    51 |    41 ||   115
       Falchion          |       |   107 |   137 ||   244
Throw: Stone             |       |     3 |       ||     3
Invok: Berserk           |     1 |       |       ||     1
Evoke: Wand              |       |     1 |     1 ||     2
  Use: Potion            |     2 |       |     4 ||     6
       Scroll            |     1 |     2 |     8 ||    11
Armor: Animal skin       |     6 |       |       ||     6
       Scale mail        |    21 |     6 |       ||    27
       Chain mail        |       |    77 |    64 ||   141
Dodge: Dodged            |    45 |    51 |    28 ||   124
Block: Kite shield       |    20 |    54 |    51 ||   125
       Rpst.: Falchion   |       |    19 |     8 ||    27
